Map: Pillars of Gold LE

Players

JonSnow

  • Race: Zerg Zerg
  • League: Master
  • Spawn Location: 1:00

Nina - Winner!

  • Race: Protoss Protoss
  • League: Grandmaster
  • Spawn Location: 7:00

Event: DreamHack SC2 Masters 2020 Summer North America

VOD

Have the link to the VOD?

Description

Time

  • Played on: July 1, 2020, 5:49 p.m.
  • Length: 11:56

All games in this series

Show
View Real Time Build Order
Export as new Build Order

JonSnow Zerg 

Build Orders: Hatch First 

Get SALT Encoding   

  12  0:02  Drone  
  13  0:12  Overlord  
  13  0:18  Drone  
  14  0:30  Drone  
  14  0:31  Drone  
  16  0:51  Hatchery  
  16  0:55  Drone  
  16  1:00  Drone  
  16  1:03  Drone  
  18  1:13  Extractor  
  17  1:19  Spawning Pool  
  17  1:21  Drone  
  17  1:26  Drone  
  17  1:30  Drone  
  19  1:40  Drone  
  20  1:49  Overlord  
  20  2:05  Queen x2  
  20  2:06  Zergling x2  
  20  2:07  Zergling x2  
  26  2:13  Metabolic Boost  
  26  2:17  Drone  
  26  2:20  Drone  
  28  2:23  Drone  
  28  2:25  Drone  
  30  2:43  Hatchery  
  29  2:49  Drone x2  
  31  2:55  Queen  
  31  2:57  Drone  
  34  3:02  Overlord  
  34  3:07  Zergling x4  
  34  3:12  Overlord  
  36  3:20  Drone x3  
  36  3:21  Zergling x2  
  36  3:25  Drone x2  
  42  3:29  Drone  
  43  3:37  Queen  
  43  3:40  Spore Crawler  
  43  3:41  Drone x2  
  43  3:46  Spore Crawler  
  44  3:48  Drone x2  
  44  3:54  Drone x3  
  49  3:57  Drone  
  49  4:00  Drone  
  49  4:02  Drone  
  51  4:04  Queen  
  51  4:08  Overlord  
  53  4:13  Spore Crawler  
  53  4:14  Drone  
  53  4:21  Zergling x4  
  55  4:30  Drone x9  
  63  4:35  Extractor x2  
  61  4:39  Overlord  
  61  4:41  Lair  
  61  4:42  Drone  
  62  4:48  Roach Warren  
  62  4:49  Drone x2  
  62  4:51  Drone  
  64  4:53  Extractor  
  64  4:54  Extractor  
  64  4:56  Queen  
  63  5:02  Drone x4  
  62  5:10  Drone x5  
  62  5:12  Drone  
  66  5:15  Overlord  
  66  5:21  Pneumatized Carapace  
  66  5:22  Overlord  
  66  5:32  Overlord  
  66  5:33  Queen  
  68  5:37  Drone  
  68  5:40  Glial Reconstitution, Extractor  
  68  5:42  Roach x3  
  72  5:48  Roach x2  
  72  5:49  Roach  
  78  5:55  Drone x2  
  78  5:56  Roach x2  
  84  6:02  Roach x2  
  89  6:04  Overseer  
  89  6:05  Overlord  
  89  6:21  Overlord x2  
  89  6:23  Overlord  
  89  6:29  Roach x4  
  93  6:32  Overlord  
  93  6:38  Overlord  
  89  6:42  Roach x5  
  89  6:45  Ravager x5  
  89  6:46  Ravager  
  105  6:50  Roach  
  105  6:51  Roach  
  105  6:52  Ravager x2  
  111  6:55  Roach  
  111  7:00  Roach  
  111  7:01  Roach  
  117  7:08  Zergling x8  
  119  7:14  Zergling x6  
  116  7:20  Roach x3  
  116  7:26  Roach  
  116  7:27  Roach  
  115  7:31  Roach x2  
  115  7:34  Zergling x4  
  105  7:40  Roach x2  
  105  7:41  Zergling x2  
  104  7:47  Zergling x6  
  104  7:51  Roach  
  93  7:56  Roach  
  93  7:59  Drone  
  93  8:04  Drone x2  
  94  8:07  Queen  
  94  8:09  Drone  
  94  8:12  Drone, Extractor  
  97  8:14  Drone  
  97  8:18  Drone  
  97  8:19  Evolution Chamber  
  98  8:23  Drone  
  98  8:25  Overseer  
  98  8:26  Drone  
  100  8:30  Drone x2  
  100  8:32  Drone  
  103  8:34  Hatchery  
  103  8:35  Drone x3  
  105  8:41  Queen  
  105  8:44  Overlord  
  107  8:55  Overlord x2  
  107  9:00  Roach x5  
  116  9:10  Roach x2  
  116  9:13  Roach x2  
  116  9:16  Roach x3  
  130  9:19  Ravager x7  
  130  9:20  Ravager x3  
  139  9:24  Roach  
  139  9:25  Roach  
  139  9:26  Ravager x2  
  139  9:27  Ravager  
  139  9:30  Overlord  
  145  9:32  Zerg Missile Weapons Level 1  
  144  9:40  Overlord  
  143  9:46  Overlord  
  143  9:48  Queen x3  
  149  9:54  Queen  
  149  9:57  Overlord  
  149  9:58  Overlord  
  151  10:01  Ravager x5  
  156  10:12  Overlord  
  156  10:13  Overlord  
  156  10:14  Roach x4  
  164  10:23  Queen  
  164  10:24  Roach x5  
  176  10:31  Roach x4  
  176  10:33  Ravager x4  
  188  10:36  Ravager x2  
  188  10:39  Roach x2  
  194  10:55  Roach x3  
  198  11:01  Roach x2  
  199  11:10  Overlord  
  193  11:17  Overlord  
  190  11:19  Overlord x2  
  158  11:26  Roach x12  
  158  11:32  Roach x2  
Show
View Real Time Build Order
Export as new Build Order

Nina Protoss - Winner!

Build Orders: 1 Gate Expand, Oracle Opening, Chargelot Immortal 

Get SALT Encoding   

  12  0:00  Probe  
  13  0:12  Probe  
  14  0:19  Pylon  
  14  0:25  Probe  
  15  0:33  Probe  
  15  0:39  Gateway  
  15  0:41  Probe  
  16  0:48  Assimilator  
  17  0:53  Probe  
  18  1:05  Probe  
  19  1:17  Probe  
  20  1:27  Nexus  
  20  1:37  Cybernetics Core  
  20  1:39  Probe  
  21  1:50  Pylon  
  21  1:52  Probe  
  22  1:58  Assimilator  
  22  2:01  Probe  
  23  2:09  Probe  
  24  2:18  Probe  
  24  2:20  Adept  
  25  2:23  Stargate  
  25  2:30  Probe  
  28  2:38  Probe  
  28  2:41  Warp Gate  
  28  2:42  Probe  
  30  2:46  Probe  
  30  2:47  Gateway  
  31  2:54  Probe  
  31  2:56  Adept  
  33  2:59  Probe  
  34  3:06  Probe  
  34  3:09  Oracle  
  34  3:11  Probe  
  39  3:18  Probe  
  40  3:20  Probe  
  40  3:23  Pylon  
  41  3:29  Probe  
  41  3:30  Probe  
  41  3:31  Adept  
  45  3:37  Probe  
  45  3:38  Pylon  
  44  3:43  Adept, Probe  
  44  3:47  Assimilator  
  47  3:50  Oracle, Probe  
  51  3:59  Probe  
  51  4:02  Probe  
  53  4:05  Robotics Facility  
  53  4:08  Assimilator  
  53  4:11  Probe  
  53  4:14  Probe  
  55  4:24  Probe  
  56  4:26  Probe  
  56  4:27  Phoenix  
  57  4:35  Pylon  
  57  4:36  Probe  
  57  4:38  Nexus  
  60  4:40  Pylon  
  60  4:41  Immortal, Probe  
  61  4:50  Probe  
  62  4:59  Sentry x2  
  71  5:07  Probe  
  71  5:09  Probe  
  71  5:12  Shield Battery  
  71  5:13  Immortal  
  70  5:19  Probe, Pylon  
  75  5:21  Probe  
  75  5:22  Sentry  
  75  5:27  Gateway  
  78  5:32  Gateway  
  78  5:34  Forge  
  78  5:37  Probe x2  
  78  5:42  Immortal  
  80  5:49  Probe  
  81  5:55  Probe  
  87  5:59  Gateway, Zealot  
  87  6:01  Probe  
  87  6:02  Twilight Council  
  89  6:04  Probe  
  89  6:07  Probe  
  91  6:13  Probe  
  91  6:16  Probe  
  91  6:17  Observer  
  93  6:19  Probe  
  93  6:20  Gateway  
  93  6:24  Pylon  
  93  6:25  Protoss Ground Weapons Level 1, Probe, Pylon  
  96  6:38  Shield Battery, Probe  
  97  6:41  Immortal  
  97  6:44  Zealot x3  
  97  6:46  Charge, Probe  
  108  6:48  Templar Archives  
  108  6:51  Probe  
  111  6:54  Probe  
  111  6:56  Assimilator  
  111  6:58  Probe  
  111  6:59  Pylon  
  111  7:02  Shield Battery  
  111  7:09  Shield Battery  
  111  7:10  Shield Battery  
  111  7:11  Pylon  
  111  7:14  Zealot  
  111  7:16  Zealot x2  
  111  7:19  Zealot  
  111  7:20  Sentry x2  
  113  7:33  Gateway  
  113  7:34  Probe  
  102  7:37  Stalker x3  
  102  7:44  Immortal  
  103  7:45  Zealot x2  
  103  7:49  Psionic Storm, Probe  
  103  7:50  Probe, Zealot  
  104  7:56  Phoenix  
  105  7:58  Probe  
  105  8:01  Probe  
  105  8:05  Sentry x3, Assimilator  
  112  8:07  Zealot x2  
  112  8:11  Gateway  
  116  8:13  Gateway  
  116  8:18  Pylon  
  116  8:21  Phoenix  
  116  8:22  Photon Cannon  
  116  8:26  Immortal  
  122  8:36  Photon Cannon  
  122  8:40  Nexus, High Templar  
  124  8:45  High Templar  
  124  8:46  Phoenix  
  124  8:48  Pylon  
  128  8:50  Pylon  
  128  9:01  High Templar  
  130  9:07  Warp Prism, Protoss Ground Weapons Level 2  
  132  9:10  Shield Battery  
  132  9:11  Phoenix, Shield Battery  
  132  9:13  Photon Cannon  
  132  9:15  Photon Cannon  
  134  9:17  Pylon  
  134  9:31  Pylon  
  134  9:39  Protoss Air Weapons Level 1, Stargate  
  134  9:40  High Templar  
  134  9:43  High Templar  
  138  9:46  Assimilator  
  138  9:48  Archon  
  138  9:50  Assimilator  
  138  9:52  Immortal  
  142  9:55  Probe  
  142  9:58  Phoenix  
  146  10:00  Probe  
  146  10:07  High Templar  
  148  10:15  Zealot x5  
  148  10:17  High Templar  
  160  10:22  Phoenix  
  160  10:26  Phoenix  
  164  10:35  Immortal  
  168  10:41  Zealot x7  
  182  10:48  Zealot  
  150  11:09  Zealot x4  
  150  11:10  Zealot x5  
  132  11:32  Zealot x2  
  132  11:33  Archon, Zealot x6  
  132  11:34  Archon  
  118  11:49  Zealot  
Tags
 
Add a new tag
Caveats
  • Supply blocks, unpowered buildings, or Contaminate may cause inaccurate times.
  • Supply counts are checked every 10 seconds.